 Dungeon Crawl Stone Soup version 0.27.1-2-g3b301248ec (webtiles) character file.

Game seed: 17666672354739703847

76 pkoi the Chopper (level 4, 0/37 HPs)
             Began as a Minotaur Gladiator on Oct 4, 2021.
             Was a Follower of Elyvilon.
             Slain by Grinder (8 damage)
             ... while paralysed by Grinder
             ... on level 3 of the Dungeon.
             The game lasted 00:01:54 (2161 turns).

pkoi the Chopper (Minotaur Gladiator)               Turns: 2161, Time: 00:01:55

Health: 0/37       AC:  3    Str: 20    XL:     4   Next: 12%
Magic:  3/3        EV:  2    Int:  5    God:    Elyvilon [*.....]
Gold:   137        SH:  0    Dex: 11    Spells: 3/3 levels left

rFire    . . .     SeeInvis .   a - +0 war axe
rCold    . . .     Faith    .   (no shield)
rNeg     . . .     Spirit   .   b - +0 leather armour
rPois    .         Reflect  .   c - +0 hat
rElec    .         Harm     .   (no cloak)
rCorr    +         Rampage  .   (no gloves)
Will     .....                  (no boots)
Stlth    +.........             (no amulet)
HPRegen  0.12/turn              e - ring of wizardry
MPRegen  0.08/turn              h - ring of resist corrosion

@: paralysed
A: horns 2, retaliatory headbutt
a: Renounce Religion, Lesser Healing, Divine Protection


You were on level 3 of the Dungeon.
You worshipped Elyvilon.
Elyvilon was aware of your devotion.
You visited 1 branch of the dungeon, and saw 3 of its levels.

You collected 137 gold pieces.

Inventory:

Hand Weapons
 a - a +0 war axe (weapon)
 f - a +1 whip of electrocution
Missiles
 d - 3 throwing nets (quivered)
Armour
 b - a +0 leather armour (worn)
 c - a +0 hat (worn)
Jewellery
 e - a ring of wizardry (left hand)
 h - a ring of resist corrosion (right hand)
Potions
 g - a potion of resistance
 j - a potion of haste


   Skills:
 + Level 2.6 Fighting
 * Level 5.6 Axes
 - Level 2.0 Throwing
 + Level 0.6 Armour
 - Level 3.2 Dodging
 * Level 1.1 Invocations


You had 3 spell levels left.
You didn't know any spells.
Your spell library contained the following spells:

 Spells                   Type           Power      Damage    Failure   Level
 Corpse Rot               Necr/Air       N/A        N/A       34%         2
 Dispel Undead            Necr           0%         3d6       91%         4
 Death Channel            Necr           0%         N/A       100%        6


Dungeon Overview and Level Annotations

Branches:
Dungeon (3/15)

Altars:
Elyvilon
Uskayaw

Shops:
D:1 [=

Annotations:
D:3 Grinder


Innate Abilities, Weirdness & Mutations

You have a pair of horns on your head.
You reflexively headbutt those who attack you in melee.


Message History

Found a robe.
Found a cabochon ring.
h - a ring of resist corrosion Grinder comes into view.
Grinder shouts!
Grinder blinks!
Grinder moves out of view.
Grinder is nearby!
h - a ring of resist corrosion (right hand) Grinder drinks a potion.
Grinder suddenly seems more resistant.
Okay, then.
Okay, then.
Grinder hits you.
You writhe in agony.
You completely miss Grinder. Grinder hits you.
You writhe in agony.
You barely miss Grinder. Your headbutt misses Grinder.
Grinder blinks!
Grinder misses you. Grinder gestures at you. Pain shoots through your body!
Grinder hits you.
You closely miss Grinder. Grinder hits you.
* * * LOW HITPOINT WARNING * * *
You writhe in agony.
* * * LOW HITPOINT WARNING * * *
You slash Grinder!
Grinder is moderately wounded.
Grinder blinks!
You slash Grinder! Your headbutt misses Grinder.
Grinder is heavily wounded.
Grinder completely misses you.
You slash Grinder!
Grinder is almost dead.
Grinder barely misses you. Grinder hits you.
* * * LOW HITPOINT WARNING * * *
You writhe in agony.
* * * LOW HITPOINT WARNING * * *
You closely miss Grinder. Your headbutt misses Grinder.
Grinder is almost dead.
Grinder gestures at you.
You suddenly lose the ability to move!
Grinder hits you!
You die...

## #######.# #.
..#.##..... #
#.....#.# #
####.#####.# #
#.....#.######
#.......# ######
#.).......#
#########
.....###.##.####.#
####.#......#
##.##
##.#.#.######...##
#.......# #.....#
#.......# #.5@..#
#....>..# #.....#
#.......# ##...##
#.......# ##.##
#.......# #..#
#.......# #.##
########### #.#
......# #.#
#####.##### #.#


You could see Grinder (resistant).

Vanquished Creatures
  Jessica (D:3)
  5 endoplasms
  2 giant cockroaches
  6 goblins
  6 hobgoblins (D:1)
  5 jackals (D:1)
  2 quokkas
  3 ball pythons (D:1)
  3 bats
  2 frilled lizards
  3 kobolds
  5 rats
43 creatures vanquished.

Notes
Turn   | Place    | Note
-------+----------+-------------------------------------------
     0 | D:1      | pkoi the Minotaur Gladiator began the quest for the Orb.
     0 | D:1      | Reached XP level 1. HP: 18/18 MP: 0/0
   153 | D:1      | Reached skill level 4 in Axes
   255 | D:1      | Reached XP level 2. HP: 25/25 MP: 1/1
   273 | D:1      | Found a faded altar of an unknown god.
   285 | D:1      | Found Vilisodu's Antique Armour Shop.
   308 | D:1      | Found Puomy's Jewellery Shoppe.
   573 | D:1      | Reached skill level 5 in Axes
   621 | D:1      | Reached XP level 3. HP: 30/30 MP: 2/2
  1488 | D:2      | Found a white marble altar of Elyvilon.
  1497 | D:2      | Became a worshipper of Elyvilon the Healer
  1884 | D:3      | Noticed Jessica
  1889 | D:3      | Killed Jessica
  1890 | D:3      | Reached XP level 4. HP: 23/37 MP: 3/3
  1932 | D:3      | Reached skill level 1 in Invocations
  2047 | D:3      | Found a hide-covered altar of Uskayaw.
  2093 | D:3      | Reached * piety under Elyvilon
  2140 | D:3      | Noticed Grinder
  2160 | D:3      | Paralysed by Grinder for 7 turns
  2161 | D:3      | Slain by Grinder

Illustrated notes

Levels and vault maps discovered:
D:1:      minmay_arrival_five_plusses, layout_basic, serial_shops, shop, shop,
          hellmonk_ecumenical_altar_inner_sanctum, st_stairs_5
D:2:      layout_loops_cross, basic_altar
D:3:      layout_loops_cross, nicolae_overflow_crystal_walls, uniq_grinder,
          uniq_terence, uniq_sigmund, uniq_jessica, uniq_ijyb

Skill      XL: |  1  2  3  4 |
---------------+-------------+-----
Axes           | 4 5 |  5.6
Invocations    | 1 |  1.1
Fighting       | |  2.6
Throwing       | |  2.0
Armour         | |  0.6
Dodging        | |  3.2

Action                   |  1- 3 |  4- 6 || total
-------------------------+-------+-------++-------
Melee: War axe           |    52 |    13 ||    65
       Headbutt          |     9 |     2 ||    11
       Whip              |    16 |     1 ||    17
Throw: Throwing net      |     1 |       ||     1
  Use: Scroll            |     7 |     1 ||     8
 Stab: Sleeping          |     1 |       ||     1
Armor: Leather armour    |    17 |     1 ||    18
Dodge: Dodged            |    41 |     6 ||    47
